 Dungeon Crawl Stone Soup version 0.23.2-1-ga50397a (webtiles) character file.

Game seed: 728743361165609240

79 Fang the Skirmisher (level 4, 0/29 HPs)
             Began as a Gargoyle Berserker on May 31, 2019.
             Was a Believer of Trog.
             Slain by a hobgoblin
             ... wielding a +0 club
             ... led by Robin
              (2 damage)
             ... on level 3 of the Dungeon.
             The game lasted 00:01:34 (1836 turns).

Fang the Skirmisher (Gargoyle Berserker)            Turns: 1836, Time: 00:01:34

Health: 0/29       AC:  5    Str: 21    XL:     4   Next: 37%
Magic:  13/13      EV: 12    Int:  8    God:    Trog [**....]
Gold:   67         SH:  0    Dex:  9    Spells: 3/3 levels left

rFire    . . .     SeeInvis .   a - +0 hand axe
rCold    . . .     Gourm    .   (no shield)
rNeg     + . .     Faith    .   b - +0 animal skin
rPois    ∞         Spirit   .   (no helmet)
rElec    +         Reflect  .   (no cloak)
rCorr    .         Harm     .   (no gloves)
MR       .....                  (no boots)
Stlth    +.........             (no amulet)
HPRegen  0.09/turn              f - ring of magical power
MPRegen  0.13/turn              (no ring)

@: berserk cooldown, slowed, very slow
A: negative energy resistance 1, electricity resistance, unbreathing,
petrification resistance, rot immunity, AC +3
a: Berserk, Trog's Hand, Renounce Religion


You were on level 3 of the Dungeon.
You worshipped Trog.
Trog was pleased with you.
You were very hungry.

You visited 1 branch of the dungeon, and saw 3 of its levels.

You collected 67 gold pieces.

Inventory:

Hand Weapons
 a - a +0 hand axe (weapon)
Armour
 b - a +0 animal skin (worn)
Jewellery
 f - a ring of magical power (left hand)
Wands
 i - a wand of paralysis (10)
Scrolls
 d - 2 scrolls of remove curse {unknown}
 h - a scroll of immolation {unknown}
 j - 2 scrolls of teleportation {unknown}
 l - a scroll of fog {unknown}
Potions
 e - a potion of flight {unknown}
 g - 3 potions of curing {unknown}
 k - a potion of lignification {unknown}
Comestibles
 c - 2 rations


   Skills:
 + Level 4.0 Fighting
 + Level 3.2 Axes
 + Level 3.0 Armour
 + Level 2.3 Dodging


You had 3 spell levels left.
You didn't know any spells.
Your spell library was empty.

Dungeon Overview and Level Annotations

Branches:
Dungeon (3/15)

Altars:


Innate Abilities, Weirdness & Mutations

You are resistant to torment.
Your stone body is resilient. (AC +3)
You are immune to poison.
You resist negative energy. (rN+)
You are resistant to electric shocks. (rElec)
You can survive without breathing.
You are immune to petrification.
You are immune to rotting.


Message History

You hit the hobgoblin but do no damage. The hobgoblin hits you with a +0 club.
* * * LOW HITPOINT WARNING * * *
The hobgoblin hits you but does no damage.
The hobgoblin barely misses you. The hobgoblin closely misses you.
You barely miss the hobgoblin.
The hobgoblin is almost dead.
You hit the hobgoblin but do no damage.
The hobgoblin hits you but does no damage.
The hobgoblin hits you with a +0 club.
* * * LOW HITPOINT WARNING * * *
You slash the hobgoblin!
You kill the hobgoblin!
Trog accepts your kill.
You closely miss the hobgoblin. The hobgoblin closely misses you.
The hobgoblin hits you with a +0 club.
* * * LOW HITPOINT WARNING * * *
You hit the hobgoblin.
The hobgoblin is severely wounded.
The hobgoblin hits you with a +0 club.
You die...

################ .
.........$...... ..
####...########
#.##.### #...# #####
§.......##)..##.....
§.......gg@..........
.g......##†..........
#....## #...........
#....####)..........
#......)............
#########.(††..?...
#......######
#............
#.....######.#


You could see a hobgoblin and a goblin.

Vanquished Creatures
  Robin (D:3)
  2 adders
  An ooze (D:1)
  A dart slug (D:2)
  2 leopard geckos
  3 bats
  10 goblins
  6 hobgoblins
  8 kobolds
  A ball python (D:3)
  2 frilled lizards
  4 rats
41 creatures vanquished.

Notes
Turn   | Place    | Note
-------+----------+-------------------------------------------
     0 | D:1      | Fang the Gargoyle Berserker began the quest for the Orb.
     0 | D:1      | Reached XP level 1. HP: 14/14 MP: 1/1
    39 | D:1      | Reached XP level 2. HP: 3/19 MP: 2/2
  1051 | D:2      | Found a faded altar of an unknown god.
  1164 | D:2      | Reached XP level 3. HP: 23/23 MP: 3/3
  1781 | D:3      | Reached ** piety under Trog
  1790 | D:3      | Reached XP level 4. HP: 22/29 MP: 4/4
  1809 | D:3      | Noticed Robin
  1823 | D:3      | Killed Robin
  1823 | D:3      | Reached skill level 4 in Fighting
  1836 | D:3      | Slain by a hobgoblin

Skill      XL: |  1  2  3  4 |
---------------+-------------+-----
Axes           | 3 |  3.2
Dodging        | 2 |  2.3
Armour         | 3 |  3.0
Fighting       | 4 |  4.0

Action                   |  1- 3 |  4- 6 || total
-------------------------+-------+-------++-------
Melee: Hand axe          |   130 |    26 ||   156
Invok: Berserk           |     1 |     1 ||     2
 Stab: Sleeping          |     1 |       ||     1
  Eat: Chunk             |     4 |       ||     4
Armor: Animal skin       |    37 |     5 ||    42
Dodge: Dodged            |    58 |    11 ||    69
